 Dungeon Crawl Stone Soup version 0.20.1-1-g8b1a95d (webtiles) character file.

41 Folque the Charmwright (level 3, -5/29 HPs)
             Began as a Barachi Skald on Nov 2, 2017.
             Slain by a gnoll (7 damage)
             ... on level 2 of the Dungeon.
             The game lasted 00:07:58 (1279 turns).

Folque the Charmwright (Barachi Skald)              Turns: 1279, Time: 00:07:59

Health: -5/29      AC:  4    Str: 12    XL:     3   Next: 52%
Magic:  4/7        EV: 12    Int: 13    God:
Gold:   79         SH:  0    Dex: 12    Spells: 2/7 levels left

rFire    . . .     SeeInvis .   a - +0 falchion
rCold    . . .     Gourm    .   (no shield)
rNeg     . . .     Faith    .   b - +0 leather armour
rPois    .         Spirit   .   f - +0 helmet
rElec    .         Reflect  .   (no cloak)
rCorr    .         Harm     .   (no gloves)
MR       .....                  (no boots)
Stlth    ++........             (no amulet)
Regen    0.1/turn               j - ring of stealth
MPRegen  0.1/turn               (no ring)

@: singing, slow
A: +LOS, swims, slowness 1, strong legs 1
a: Hop


You were on level 2 of the Dungeon.
You were not hungry.

You visited 1 branch of the dungeon, and saw 2 of its levels.

You collected 79 gold pieces.

Inventory:

Hand Weapons
 a - a +0 falchion (weapon)
Armour
 b - a +0 leather armour (worn)
 f - a +0 helmet (worn)
Jewellery
 j - a ring of stealth (left hand)
Scrolls
 k - a scroll of identify
Potions
 e - a potion of invisibility {unknown}
 m - a potion of degeneration {unknown}
 n - a potion of curing {unknown}
Books
 c - a book of Battle

   Spells                             Type                      Level
   a - Infusion                       Charms                       1
   b - Shroud of Golubria             Charms/Translocation         2
   c - Song of Slaying                Charms                       2
   d - Spectral Weapon                Hexes/Charms                 3
   e - Regeneration                   Charms/Necromancy            3
Comestibles
 d - 2 bread rations
 i - a meat ration
 l - a royal jelly


   Skills:
 - Level 3.2 Fighting
 - Level 2.4 Long Blades
 - Level 1.2 Armour
 * Level 2.5 Dodging
 * Level 2.8 Spellcasting
 + Level 3.7 Charms


You had 2 spell levels left.
You knew the following spells:

 Your Spells              Type           Power        Failure   Level  Hunger
a - Infusion              Chrm           ##..         6%          1    #......
b - Shroud of Golubria    Chrm/Tloc      #.........   21%         2    ###....
c - Song of Slaying       Chrm           ##......     10%         2    ###....


Dungeon Overview and Level Annotations

Branches:
Dungeon (2/15)

Altars:
Vehumet


Innate Abilities, Weirdness & Mutations

Shadows flee at your approach. (+LOS)
You can swim through water.
You cover ground slowly.
You can hop short distances.


Message History

The gnoll is heavily wounded.
The gnoll barely misses you.
You riposte.
You hit the gnoll.
The gnoll is moderately wounded.
You closely miss the gnoll.
The gnoll is heavily wounded.
The gnoll barely misses you.
You riposte.
You barely miss the gnoll.
The gnoll is heavily wounded.
The gnoll closely misses you. The gnoll completely misses you.
You riposte.
You hit the gnoll.
The gnoll is severely wounded.
There are no items here.
You hit the gnoll but do no damage.
The gnoll is severely wounded.
The gnoll hits you.
* * * LOW HITPOINT WARNING * * *
The gnoll barely misses you.
You barely miss the gnoll.
The gnoll is severely wounded.
The gnoll hits you!
You die...

*,,#.+####'.#.........#####
*,,*,#....#.#..######.#*****
*,,*,#.##.#.#..# #...,,,,
*,,*,#.##.#.#[.# *####***
*,,*,#....#.#..#
*,,#.+####'.#..#
*,,#.)......#..#
*,,+########'.#*
*,,.....ggg@g.#
*,,.###.####### *,*** *,*
*,*****,* *,,,,,,,*
*********


You could see 4 gnolls.

Vanquished Creatures
  A worm (D:2)
  A dart slug (D:1)
  3 leopard geckos
  5 bats
  A giant cockroach (D:1)
  4 goblins (D:1)
  8 hobgoblins
  A quokka (D:2)
  A frilled lizard (D:1)
  5 rats
30 creatures vanquished.

Vanquished Creatures (others)
  An adder (D:2)
1 creature vanquished.

Grand Total: 31 creatures vanquished

Notes
Turn   | Place    | Note
-------+----------+-------------------------------------------
     0 | D:1      | Folque the Barachi Skald began the quest for the Orb.
     0 | D:1      | Reached XP level 1. HP: 17/17 MP: 3/3
   210 | D:1      | Reached XP level 2. HP: 15/23 MP: 5/5
   422 | D:1      | Learned a level 2 spell: Shroud of Golubria
   425 | D:1      | Learned a level 2 spell: Song of Slaying
   578 | D:1      | Reached XP level 3. HP: 11/29 MP: 3/6
   731 | D:2      | Found a radiant altar of Vehumet.
   921 | D:2      | HP: 1/29 [leopard gecko (1)]
  1279 | D:2      | Slain by a gnoll

Skill      XL: |  1  2 |
---------------+-------+-----
Fighting       | 3 |  3.2
Long Blades    | |  2.4
Armour         | |  1.2
Dodging        | |  2.5
Spellcasting   | |  2.8
Charms         | |  3.7

Action                   || total
-------------------------++-------
Melee: Falchion          ||   104
 Cast: Shroud of Golubri ||     4
       Infusion          ||     1
       Song of Slaying   ||     2
  Use: Scroll            ||     3
  Eat: Chunk             ||     2
Armor: Leather armour    ||    19
Dodge: Dodged            ||    76
       Rpst.: Falchion   ||    25
